AoeStats
← dupieA

Arena

510155906Analyzed
2v2 RM · 16h ago on Sep 29, 2026· 47m 50s· 4 players
Game mode
Random Map
Map size
Medium (4 player)
Population
200
Speed
Normal
Resources
Standard
Victory
Conquest
Starting age
Dark Age
Ending age
Imperial Age
RankedLock teamsTeams togetherTeam positionsShared explorationLock speedFull tech treeHidden civsTurbo modeCheats
Victory
Defeat
🇿🇦 Burgundians · South Africa
908
+13
🇿🇦 Huns · South Africa
791
+18
🇵🇪 Chinese · Peru
853
-16
🇵🇪 Bohemians · Peru
826
-15
TE LA ENTIERRO
11:00 Feudal Age
9:15 Loom
12:23 Double-Bit Axe
13:27 Horse Collar
14:31 Gold Mining
19:39 Castle Age
23:49 Heavy Plow
24:51 Stone Mining
28:25 Gold Shaft Mining
34:32 Imperial Age
34:20 Padded Archer Armor
34:11 Fletching
41:13 Bodkin Arrow
41:33 Leather Archer Armor
42:26 Bracer
44:53 Thumb Ring
45:21 Ring Archer Armor
47:22 Elite Chu Ko Nu
el ronpe culos
12:43 Feudal Age
17:29 Castle Age
18:42 Loom
21:43 Double-Bit Axe
23:04 Bow Saw
23:34 Fletching
24:49 Pikeman
36:18 Imperial Age
39:48 Chemistry
44:00 Fortified Wall
dupieA
11:06 Feudal Age
13:44 Double-Bit Axe
17:00 Castle Age
15:20 Horse Collar
15:32 Stone Mining
17:46 Scale Mail Armor
18:02 Bow Saw
18:44 Husbandry
18:58 Loom
20:37 Pikeman
21:33 Town Watch
22:54 Gold Mining
24:21 Heavy Plow
27:06 Squires
28:39 Wheelbarrow
28:13 Elite Skirmisher
29:41 Marauders
34:13 Imperial Age
33:07 Chain Mail Armor
32:57 Scale Barding Armor
33:04 Bloodlines
36:21 Thumb Ring
38:07 Murder Holes
38:23 Masonry
38:19 Elite Tarkan
38:34 Elite Tarkan
39:42 Padded Archer Armor
39:32 Fletching
40:03 Chain Barding Armor
Alllas
6:05 Loom
12:55 Feudal Age
17:20 Castle Age
15:48 Double-Bit Axe
15:45 Horse Collar
16:39 Bow Saw
16:41 Heavy Plow
19:43 Two-Man Saw
21:07 Crop Rotation
22:04 Gold Mining
27:19 Scale Barding Armor
28:53 Stone Mining
30:42 Forging
31:01 Chain Barding Armor
38:46 Imperial Age
36:58 Murder Holes
38:23 Iron Casting
37:22 Elite Skirmisher
38:46 Stone Shaft Mining
38:47 Gold Shaft Mining
38:15 Town Watch
39:07 Wheelbarrow
41:10 Conscription
41:01 Husbandry
40:49 Onager
42:44 Fletching
45:11 Chemistry
45:37 Elite Coustillier
47:23 Burgundian Vineyards
48:33 Blast Furnace
Connection lost

Rejoining the realm…

Still unreachable

The connection could not be restored.

Session expired

The server has moved on; the page needs a fresh start.